 Dungeon Crawl Stone Soup version 0.21-a0-228-g14ccbf3 (webtiles) character file.

135 Cesar21 the Ruffian (level 4, -1/33 HPs)
             Began as a Demonspawn Gladiator on Aug 31, 2017.
             Slain by a scorpion zombie (7 damage)
             ... in an ossuary.
             The game lasted 00:05:45 (2908 turns).

Cesar21 the Ruffian (Demonspawn Gladiator)          Turns: 2908, Time: 00:05:46

Health: -1/33      AC:  4    Str: 15    XL:     4   Next: 97%
Magic:  4/4        EV: 13    Int: 10    God:
Gold:   145        SH:  0    Dex: 14    Spells: 3/3 levels left

rFire    + . .     SeeInvis +     - Unarmed
rCold    + . .     Gourm    .   (no shield)
rNeg     . . .     Faith    .   a - +0 leather armour
rPois    .         Spirit   .   b - +0 helmet
rElec    .         Reflect  .   (no cloak)
rCorr    .         Harm     .   (no gloves)
MR       .....                  (no boots)
Stlth    ++........             (no amulet)
HPRegen  0.11/turn              e - ring of see invisible
MPRegen  0.09/turn              (no ring)

@: no status effects
A: claws 1, cold resistance 1, fire resistance 1, nightstalker 1, wild magic 2,
rot immunity
a: no special abilities


You were in an ossuary.
You were not hungry.

You visited 1 branch of the dungeon, and saw 4 of its levels.
You also visited: Ossuary.

You collected 145 gold pieces.

Inventory:

Missiles
 c - 4 throwing nets (quivered)
Armour
 a - a +0 leather armour (worn)
 b - a +0 helmet (worn)
Jewellery
 e - a ring of see invisible (left claw)
Scrolls
 f - a scroll of amnesia {unknown}
 i - 4 scrolls of teleportation
 l - a scroll of fog {unknown}
 m - 2 scrolls of remove curse {unknown}
 q - a scroll of enchant weapon
Potions
 g - a potion of flight
 j - a potion of magic
 o - 2 potions of resistance
Comestibles
 d - 2 bread rations
 h - 3 fruits


   Skills:
 + Level 2.2 Fighting
 + Level 1.8 Throwing
 + Level 1.4 Armour
 + Level 3.4 Dodging
 + Level 1.1 Stealth
 + Level 3.9 Unarmed Combat


You had 3 spell levels left.
You didn't know any spells.

Dungeon Overview and Level Annotations

Branches:
Dungeon (4/15)
 Temple: D:4-7

Altars:


Innate Abilities, Weirdness & Mutations

You have sharp fingernails.
You are slightly more attuned to the shadows.
You are immune to rotting.
Your flesh is cold resistant. (rC+)
Your flesh is heat resistant. (rF+)
Your spells are harder to cast, but more powerful.


Message History

The scorpion zombie closely misses you.
You scratch the scorpion zombie.
The scorpion zombie is severely damaged.
The hobgoblin zombie barely misses you. The scorpion zombie hits you.
* * * LOW HITPOINT WARNING * * *
You scratch the scorpion zombie but do no damage.
The scorpion zombie is severely damaged.
The hobgoblin zombie closely misses you.
The scorpion zombie hits you but does no damage.
You scratch the scorpion zombie but do no damage.
The scorpion zombie is severely damaged.
The hobgoblin zombie hits you but does no damage.
You scratch the scorpion zombie.
The scorpion zombie is almost destroyed.
The scorpion zombie barely misses you.
You scratch the scorpion zombie.
The scorpion zombie is almost destroyed.
The hobgoblin zombie closely misses you.
The scorpion zombie hits you!
You die...

#...#...#
#.∩.'.∩.#
#...#...#
##'######
#...#...#
#...8...#
#.......#
##8...8##
#.Z@Z...#
#...8...#
#...#...#
######+##


You could see a scorpion zombie and a hobgoblin zombie.

Vanquished Creatures
  An orc wizard (D:3)
  4 adders
  2 leopard geckos
  6 orcs (D:3)
  2 giant cockroaches (D:2)
  9 goblins
  4 hobgoblins
  4 jackals
  2 ball pythons
  6 bats
  5 frilled lizards
  A hobgoblin zombie (Ossuary)
  11 kobolds
  4 rats
61 creatures vanquished.

Notes
Turn   | Place    | Note
-------+----------+-------------------------------------------
     0 | D:1      | Cesar21 the Demonspawn Gladiator began the quest for the Orb.
     0 | D:1      | Reached XP level 1. HP: 16/16 MP: 1/1
   253 | D:1      | Gained mutation: You have sharp fingernails. [demonic ancestry]
   253 | D:1      | Reached XP level 2. HP: 22/22 MP: 2/2
   833 | D:2      | Gained mutation: You are slightly more attuned to the shadows. [demonic ancestry]
   833 | D:2      | Reached XP level 3. HP: 21/27 MP: 3/3
  1867 | D:3      | Gained mutation: You are immune to rotting. [demonic ancestry]
  1867 | D:3      | Reached XP level 4. HP: 29/33 MP: 4/4
  2005 | D:3      | Reached skill level 1 in Armour
  2005 | D:3      | Reached skill level 1 in Stealth
  2531 | D:3      | Gained mutation: Your spells are a little harder to cast, but a little more powerful. [potion of mutation]
  2531 | D:3      | Gained mutation: Your spells are harder to cast, but more powerful. [potion of mutation]
  2531 | D:3      | Gained mutation: Your flesh is cold resistant. (rC+) [potion of mutation]
  2531 | D:3      | Gained mutation: Your flesh is heat resistant. (rF+) [potion of mutation]
  2871 | D:4      | Found a sand-covered staircase.
  2879 | Ossuary  | Entered an ossuary
  2908 | Ossuary  | Slain by a scorpion zombie

Vault maps used:
D:1:      erik_arrival_cave_to_civilisation
D:4:      chequers_ossuary_entry_cave
Ossuary:  ossuary_minmay_scorpions

Skill      XL: |  1  2  3  4 |
---------------+-------------+-----
Unarmed Combat | 3 |  3.9
Dodging        | 3 |  3.4
Armour         | 1 |  1.4
Stealth        | 1 |  1.1
Fighting       | |  2.2
Throwing       | |  1.8

Action                   |  1- 3 |  4- 6 || total
-------------------------+-------+-------++-------
Melee: Unarmed           |    94 |    86 ||   180
       Punch             |     1 |       ||     1
Throw: Throwing net      |       |     1 ||     1
  Use: Scroll            |     7 |     3 ||    10
       Potion            |       |     2 ||     2
 Stab: Sleeping          |     2 |     2 ||     4
  Eat: Meat ration       |     1 |       ||     1
       Fruit             |     1 |       ||     1
Armor: Leather armour    |    21 |    19 ||    40
Dodge: Dodged            |    59 |    54 ||   113

Table legend:
 A = Spawn XP
 B = Non-spawn XP
 C = Spawn XP percentage of total XP
 D = Spawn monster count
 E = Non-spawn monster count
 F = Spawn count percentage of total count
 G = Total turns spent on level
                    A         B        C        D         E        F      G
               +---------+---------+-------+---------+---------+-------+---------
         Total |      36 |     158 |  18.6 |       7 |      54 |  11.5 |  2908
               +---------+---------+-------+---------+---------+-------+---------
           D:1 |       4 |      22 |  15.4 |       2 |      15 |  11.8 |   815
           D:2 |      18 |      34 |  34.6 |       3 |      12 |  20.0 |   950
           D:3 |      14 |     101 |  12.2 |       2 |      26 |   7.1 |  1101
       Ossuary |       0 |       1 |   0.0 |       0 |       1 |   0.0 |    29
               +---------+---------+-------+---------+---------+-------+---------
